 Dungeon Crawl Stone Soup version 0.29.1-15-g9cfb28693d (webtiles) character file.

Game seed: 6028617484344407436

46 hawla the Chiller (level 4, -1/33 HPs)
             Began as a Meteoran Ice Elementalist on Mar 8, 2023.
             Slain by a phantom (4 damage)
             ... on level 4 of the Dungeon.
             The game lasted 00:02:20 (409 turns).

hawla the Chiller (Meteoran Ice Elementalist)        Turns: 409, Time: 00:02:20

Health: -1/33      AC:  2    Str:  9    XL:     4   Next: 13%
Magic:  10/10      EV: 12    Int: 18    God:
Gold:   14         SH:  0    Dex: 15    Spells: 6/10 levels left

rFire   . . .      SeeInvis .   f - +0 club
rCold   . . .      Faith    .   (no shield)
rNeg    . . .      Spirit   .   a - +0 robe
rPois   .          Reflect  .   (no helmet)
rElec   .          Harm     .   (no cloak)
rCorr   .          Rampage  .   (no gloves)
Will    .....                   (no boots)
Stlth   +.........              (no amulet)
HPRegen 0.11/turn               (no ring)
MPRegen 0.12/turn               (no ring)

@: silenced, glowing
A: sense surroundings 1, otherworldly, glowing, explore regen
a: no special abilities


You were on level 4 of the Dungeon.
You visited 1 branch of the dungeon, and saw 4 of its levels.

You collected 14 gold pieces.

Inventory:

Hand Weapons
 f - a +0 club (weapon)
Armour
 a - a +0 robe (worn)
Scrolls
 c - 3 scrolls of identify {unknown}
 d - a scroll of noise {unknown}
Potions
 b - a potion of magic


   Skills:
 + Level 2.6 Dodging
 - Level 1.4 Stealth
 + Level 3.5 Spellcasting
 + Level 5.2 Ice Magic


You had 6 spell levels left.
You knew the following spells:

 Your Spells              Type           Power      Damage    Failure   Level
a - Freeze                Ice            88%        1d10      1%          1
b - Frozen Ramparts       Ice            44%        1d7       5%          3

Your spell library contained the following spells:

 Spells                   Type           Power      Damage    Failure   Level
 Ozocubu's Armour         Ice            22%        N/A       5%          3
 Gell's Gravitas          Tloc           3%         N/A       43%         3
 Teleport Other           Tloc           3%         N/A       43%         3
 Hailstorm                Conj/Ice       12%        3d5       45%         4
 Metabolic Englaciation   Hex/Ice        6%         N/A       82%         5
 Dispersal                Tloc           1%         N/A       100%        6
 Simulacrum               Ice/Necr       6%         N/A       100%        6


Dungeon Overview and Level Annotations

Branches:
Dungeon (4/15) Zot: 1990
 Temple: D:4-7

Altars:


Innate Abilities, Weirdness & Mutations

You passively map a small area around you.
You are easily found by Zot.
You glow in the dark.
You regain HP and MP as you explore.


Message History

Press: ? - help, Shift-Dir - straight line, f - kobold
Aim: a kobold, wielding a +0 short sword and quivering stones You freeze the kobold.
You kill the kobold!
This spell is dangerous to cast!
Memorise Frozen Ramparts, consuming 3 spell levels and leaving 6?
You start memorising the spell.
You continue memorising. x3
You finish memorising.
Spell assigned to 'b'.
Okay, then.
A phantom comes into view.
Things that are here:
a +0 short sword; 5 stones
Things that are here:
a +0 club; a goblin corpse
f - a +0 club (weapon)
The phantom barely misses you.
You barely miss the phantom. The phantom hits you.
You hit the phantom but do no damage. The phantom misses you.
The phantom hits you.
You barely miss the phantom. The phantom barely misses you.
You miss the phantom. The phantom hits you.
The phantom blinks!
You blink.
You miss the phantom. The phantom hits you!
The phantom blinks!
You blink.
The phantom barely misses you. The phantom misses you.
As you read the scroll labelled OREUW COEW, it crumbles to dust.
A profound silence engulfs you.
It was a scroll of silence.
The phantom hits you but does no damage.
Magic scrolls do not work when you're silenced!
Unknown command.
The phantom attacks as you move away! The phantom closely misses you.
Okay, then.
The phantom attacks as you move away! The phantom closely misses you.
The phantom attacks as you move away! The phantom hits you.
* * * LOW HITPOINT WARNING * * *
The phantom attacks as you move away! The phantom hits you.
* * * LOW HITPOINT WARNING * * *
The phantom attacks as you move away! The phantom hits you.
* * * LOW HITPOINT WARNING * * *
The phantom attacks as you move away! The phantom hits you.
You die...

..... #.#* #.....
............##.# #.....
............ #.# #.#...
............##.####.#...
.........##........)...
* #.......##............
#............†........
#.....................
#....@................
#....W.....########...
#......†...# ...
#..........###########
#........).........#
#..................#
#######............#
#................#
#................#


You could see a phantom.

Vanquished Creatures
  An iguana (D:4)
  A worm (D:2)
  An orc (D:4)
  2 ball pythons
  An endoplasm (D:2)
  A giant cockroach (D:2)
  2 goblins
  A hobgoblin (D:3)
  A quokka (D:4)
  2 bats (D:2)
  A kobold (D:4)
  A rat (D:3)
15 creatures vanquished.

Notes
Turn   | Place    | Note
-------+----------+-------------------------------------------
     0 | D:1      | hawla the Meteoran Ice Elementalist began the quest for the
                  | Orb.
     0 | D:1      | Reached XP level 1. HP: 14/14 MP: 5/5
    85 | D:2      | Reached XP level 2. HP: 20/20 MP: 0/6
   353 | D:4      | Reached XP level 3. HP: 26/26 MP: 6/8
   361 | D:4      | Reached skill level 5 in Ice Magic
   361 | D:4      | Reached XP level 4. HP: 22/33 MP: 0/10
   377 | D:4      | Learned a level 3 spell: Frozen Ramparts
   377 | D:4      | Noticed a phantom
   409 | D:4      | Slain by a phantom

Illustrated notes

Levels and vault maps discovered:
D:1:      heliophobic_arrival_battle_scene, layout_loops_corners,
          hellmonk_ecumenical_altar_watching_god
D:2:      layout_basic
D:3:      layout_basic, chequers_temple_overflow_minitemple
D:4:      layout_basic

Skill      XL: |  1  2  3 |
---------------+----------+-----
Spellcasting   | 3 |  3.5
Ice Magic      | 5 |  5.2
Dodging        | |  2.6
Stealth        | |  1.4

Action                   |  1- 3 |  4- 6 || total
-------------------------+-------+-------++-------
Melee: Unarmed           |     5 |       ||     5
       Punch             |     1 |       ||     1
       Club              |       |     5 ||     5
 Cast: Freeze            |    28 |     2 ||    30
  Use: Scroll            |       |     1 ||     1
Armor: Robe              |     9 |     4 ||    13
Dodge: Dodged            |    15 |     8 ||    23
